3v3 L'Aquila - Korean playing off meta

Match 24784246
End
Construct Barracks
Selects Airborne Battlegroup
Selects Heavy Machine Gun Paradrop
Heavy Machine Gun Paradrop
Riflemen Squad
Heavy Machine Gun Paradrop
Grenade Package
Riflemen Squad
Construct Medical Station
Selects Paratrooper Squad Paradrop
Paratrooper Squad Paradrop
Infantry Support Center
Construct Tank Depot
Engineer Squad
M4(105) Sherman Bulldozer
Selects Anti-tank Gun Team Paradrop
Selects Recon Loiter
Selects Supply Drop
Recon Loiter
Supply Drop
Survival Training
Demolitions Package
Recon Loiter
M1918 Browning Automatic Rifles
geeroc
🍆Derpies🍆
Mad_Korean 매코
cmcrm
KHS
Instigator69
0
0

Comments sign in to comment!

No comments posted yet!